 Dungeon Crawl Stone Soup version 0.25.1-2-g60ff931df9 (webtiles) character file.

Game seed: 9580552616540669862

14555 DildoBatman the Fighter (level 12, -6/76 HPs)
             Began as a Formicid Wizard on Aug 19, 2020.
             Was a High Priest of Kikubaaqudgha.
             Killed from afar by an eidolon (41 damage)
             ... with a bolt of negative energy
             ... on level 2 of the Abyss.
             The game lasted 01:01:35 (15297 turns).

DildoBatman the Fighter (Formicid Wizard)          Turns: 15297, Time: 01:01:36

Health: -6/76      AC:  6    Str:  9    XL:     12   Next: 46%
Magic:  11/11      EV: 28    Int: 18    God:    Kikubaaqudgha [*****.]
Gold:   1483       SH:  6    Dex:  9    Spells: 1/17 levels left

rFire    . . .     SeeInvis +   b - +2 trident (protect)
rCold    . . .     Gourm    .   w - +2 buckler
rNeg     . . .     Faith    .   i - +0 acid dragon scales
rPois    .         Spirit   .   (helmet unavailable)
rElec    .         Reflect  .   h - scarf {repulsion}
rCorr    +         Harm     .   N - +0 pair of gloves
MR       +....                  (no boots)
Stlth    +.........             g - amulet of the acrobat
HPRegen  0.22/turn              (no ring)
MPRegen  0.12/turn              (no ring)

@: lethally poisoned (-6 -> -6), acrobat, heavily drained, repel missiles
A: permanent stasis, dig shafts and tunnels, four strong arms, antennae 3,
[blurry vision 2], [deformed body], [deterioration 2], [dopey 2], [frail 2],
[low mp 3], [screaming 2], [weak 2], [no potion heal 2], [subdued magic 2]
a: Dig, Shaft Self, Receive Corpses, Torment, Renounce Religion


You were on level 2 of the Abyss.
You worshipped Kikubaaqudgha.
Kikubaaqudgha was extremely pleased with you.
You were near starving.

You visited 3 branches of the dungeon, and saw 14 of its levels.
You visited the Abyss 1 time.
You also visited: Sewer and Ossuary.

You collected 1483 gold pieces.

Inventory:

Hand Weapons
 a - a +2 whip of venom
 b - a +2 trident of protection (weapon)
 c - a +0 hunting sling of freezing
 z - a +2 short sword of venom
 B - the +1 rapier "Jeweunn" {flame, rF+ Str+5 Int+3 Dex-2, unknown}
   (You found it on level 2 of the Abyss)

   It has been specially enchanted to burn those struck by it, causing extra
   injury to most foes and up to half again as much damage against particularly
   susceptible opponents.
   It affects your strength (+5).
   It affects your intelligence (+3).
   It affects your dexterity (-2).
   It protects you from fire.
Missiles
 f - 205 arrows
 D - 2 throwing nets
 F - 74 bolts
 H - 61 poisoned darts (quivered)
 L - 381 stones
 O - 7 datura-tipped darts
Armour
 h - a scarf of repulsion (worn)
 i - +0 acid dragon scales (worn)
 w - a +2 buckler (worn)
 N - a +0 pair of gloves (worn)
 T - the +3 robe of a ziggurat {+Blink rElec rF- Dex-2}
   (You found it on level 8 of the Dungeon)

   It affects your dexterity (-2).
   It makes you vulnerable to fire.
   It insulates you from electricity.
   It lets you blink.
Jewellery
 g - an amulet of the acrobat (around neck)
 V - an uncursed ring of ice
Wands
 y - a wand of flame (38)
 A - a wand of paralysis (3)
 S - a wand of acid (14)
Scrolls
 k - a scroll of acquirement {unknown}
 m - 4 scrolls of amnesia {unknown}
 p - 3 scrolls of blinking {unknown}
 q - 2 scrolls of fear {unknown}
 t - 2 scrolls of enchant armour {unknown}
 u - 2 scrolls of immolation
 x - 8 scrolls of remove curse
 C - a scroll of magic mapping
 E - a scroll of fog {unknown}
 G - a scroll of enchant weapon {unknown}
 J - a scroll of noise {unknown}
 M - a scroll of summoning {unknown}
Potions
 d - 2 potions of magic
 e - a potion of ambrosia
 j - 5 potions of might
 l - 5 potions of lignification
 n - 6 potions of heal wounds
 o - 3 potions of curing
 r - 3 potions of flight
 s - 2 potions of degeneration {unknown}
 I - a potion of invisibility {unknown}
 K - 2 potions of stabbing {unknown}
 Q - 3 potions of brilliance
 R - a potion of resistance {unknown}
Comestibles
 v - 14 rations


   Skills:
 * Level 9.0(7.3) Fighting
 - Level 1.0(0.0) Maces & Flails
 - Level 1.0(0.0) Polearms
 * Level 8.9(7.3) Armour
 * Level 7.8(6.2) Dodging
 - Level 2.4(1.0) Stealth
 * Level 5.9(4.4) Shields
 - Level 3.2(1.8) Spellcasting
 - Level 6.0(4.4) Conjurations
   Level 1.0(0.0) Summonings
 * Level 6.4(4.8) Necromancy
   Level 0.8(0.0) Translocations
 - Level 5.0(3.5) Fire Magic
 - Level 5.0(3.5) Air Magic


You had one spell level left.
You knew the following spells:

 Your Spells              Type           Power        Failure   Level  Hunger
a - Conjure Flame         Conj/Fire      ##......     12%         3    ###....
c - Magic Dart            Conj           ##..         2%          1    #......
d - Vampiric Draining     Necr           ##........   8%          3    ###....
e - Mephitic Cloud        Conj/Pois/Air  #.......     21%         3    ###....
h - Dispel Undead         Necr           ##......     28%         4    #####..
z - Sublimation of Blood  Necr           ##........   3%          2    ###....

Your spell library contained the following spells:

 Spells                   Type           Power        Failure   Level  Hunger
 Animate Skeleton         Necr           N/A          1%          1    #......
 Pain                     Necr           ##..         1%          1    #......
 Foxfire                  Conj/Fire      ##..         3%          1    #......
 Shock                    Conj/Air       ##..         3%          1    #......
 Corona                   Hex            #......      21%         1    #......
 Static Discharge         Conj/Air       ##......     12%         3    ###....
 Poisonous Vapours        Pois/Air       #.....       16%         2    ###....
 Dazzling Flash           Conj/Hex       #.....       26%         3    ###....
 Animate Dead             Necr           N/A          28%         4    #####..
 Inner Flame              Hex/Fire       #.......     30%         3    ###....
 Call Imp                 Summ           #.......     32%         2    ###....
 Ensorcelled Hibernation  Hex/Ice        #.....       32%         2    ###....
 Slow                     Hex            #.......     32%         2    ###....
 Sticky Flame             Conj/Fire      ##......     41%         4    #####..
 Airstrike                Air            #.........   47%         4    #####..
 Confusing Touch          Hex            #.......     56%         3    ###....
 Portal Projectile        Hex/Tloc       #.....       56%         3    ###....
 Tukima's Dance           Hex            #.......     56%         3    ###....
 Fireball                 Conj/Fire      ##........   77%         5    ######.
 Lightning Bolt           Conj/Air       ##........   77%         5    ######.
 Cause Fear               Hex            #.........   93%         4    #####..
 Leda's Liquefaction      Hex/Erth       #.........   93%         4    #####..
 Excruciating Wounds      Chrm/Necr      #.........   94%         5    ######.
 Death Channel            Necr           ##........   99%         6    #######
 Freezing Cloud           Conj/Ice/Air   #.........   100%        6    #######
 Simulacrum               Ice/Necr       #.........   100%        6    #######
 Ring of Flames           Chrm/Fire      #.........   100%        7    #######
 Swiftness                Chrm/Air       Unusable     N/A         2    N/A
 Blink                    Tloc           Unusable     N/A         2    N/A

Dungeon Overview and Level Annotations

Branches:
Dungeon (11/15)            Temple (1/1) D:5            Lair (0/6) D:8
    Orc (2/2) D:9             Elf (0/3) Orc:2         Sewer (visited)
Ossuary (visited)

Altars:
Ashenzari
Cheibriados
Dithmenos
Elyvilon
Fedhas
Gozag
Hepliaklqana
Kikubaaqudgha
Makhleb
Nemelex Xobeh
Okawaru
Qazlal
Ru
Sif Muna
Trog
Uskayaw
Vehumet
Wu Jian
Xom
Yredelemnul
Zin
The Shining One
Beogh

Shops:
D:11 *   Orc:2 *%=

Annotations:
D:4 exclusion: angel
D:11 Sonja


Innate Abilities, Weirdness & Mutations

You cannot be hasted, slowed, berserked, paralysed or teleported.
You can dig through walls and to a lower floor.
Your four strong arms can wield two-handed weapons with a shield.
You have a pair of large antennae on your head. (SInv)
[Scrolls take you longer to read.]
[Armour fits poorly on your strangely shaped body.]
[Your body often deteriorates upon taking damage.]
[You are very dopey. (Int -4)]
[You are very frail. (-20% HP)]
[Your magical capacity is extremely low. (-30% MP)]
[You sometimes yell uncontrollably at your foes.]
[You are very weak. (Str -4)]
[Potions are poor at restoring your health.]
[Your spells are easier to cast, but less powerful.]


Message History

A thrashing horror comes into view.
You are no longer terrified.
The raiju bursts into living lightning!
The living lightning misses you.
The raiju blinks!
You feel sick.
The deep elf archer shouts!
The raiju bursts into living lightning!
The living lightning misses you.
The raiju blinks!
You see here an ebony rapier.
B - an ebony rapier The deep elf archer blinks!
You feel sick. The eidolon stares piercingly at you.
The bolt of negative energy hits you!!!
You feel drained.
Ouch! That really hurt!
You die...
Kikubaaqudgha rasps: "You have failed me!
Welcome... death!"

# . # . ...# # #
.. # ##.## .# ##
.##{ #. ## #.....#
# ###. .. .....#x
#..#@#.#..## ....
h....##.#.##.#..#
...#.# {
##..W#....# #. #
.....#e#...#§##
##. ##
##...##.#h.x...#
#....
###..##{....#e.#.#
. .. #..
{#.h#.##..# # .
h{{.{ #..##....#
#. .#§ *
.{#R##..#.#....#


You could see an eidolon (scary), a deep elf mage (summoned) and 2 raiju.

Vanquished Creatures
  A hydra (D:9)
  2 two-headed ogres
  A tengu warrior (D:9)
  An orc knight (Orc:1)
  4 trolls
  A shadow (D:9)
  A spriggan (D:8)
  3 yaks (D:11)
  A vampire (D:9)
  A hungry ghost (D:10)
  3 wargs (Orc:2)
  2 acid dragons
  A water moccasin (D:6)
  22 orc warriors
  3 sky beasts
  2 ice beasts
  A phantom (D:6)
  A necrophage (D:9)
  A hornet zombie (D:10)
  3 centaurs
  14 ogres
  Blork the orc (D:3)
  7 bullfrogs
  7 big kobolds (Sewer)
  A gnoll sergeant (D:6)
  A wyvern zombie (Ossuary)
  5 scorpions
  12 killer bees
  An electric eel (D:10)
  3 wights (D:9)
  3 vampire bats (D:4)
  A howler monkey (D:5)
  A crimson imp (D:7)
  5 centaur zombies
  4 bullfrog zombies
  2 hounds
  A bullfrog skeleton (D:4)
  3 jellies
  12 orc priests
  20 orc wizards
  2 iguanas (D:9)
  9 worker ants
  A hound zombie (Ossuary)
  17 mummies
  A howler monkey zombie (Ossuary)
  3 worker ant zombies
  3 gnolls (D:6)
  21 adders
  A howler monkey skeleton (D:9)
  2 river rats (Sewer)
  4 shadow imps
  5 oozes
  An adder skeleton (D:9)
  8 worms
  2 dart slugs
  5 leopard geckos
  59 orcs
  4 ball pythons (Sewer)
  9 bats
  4 bat skeletons (D:4)
  2 bat zombies (D:4)
  2 giant cockroaches
  6 hobgoblins
  4 jackals (D:3)
  4 quokkas
  3 frilled lizards (D:3)
  5 goblins
  5 hobgoblin zombies (D:8)
  A jackal zombie (Ossuary)
  7 kobolds
  2 kobold skeletons (D:8)
  2 kobold zombies (D:8)
  2 leopard gecko zombies (Ossuary)
  2 quokka zombies
  17 rats
  A bush (D:1)
  2 butterflies (D:5)
387 creatures vanquished.

Vanquished Creatures (collateral kills)
  A killer bee (D:11)
  An orc (D:11)
2 creatures vanquished.

Vanquished Creatures (others)
  A small abomination (Abyss:2)
  A shadow imp (Abyss:2)
  2 withered plants (Ossuary)
4 creatures vanquished.

Grand Total: 393 creatures vanquished

Notes
Turn   | Place    | Note
-------+----------+-------------------------------------------
     0 | D:1      | DildoBatman the Formicid Wizard began the quest for the
                  | Orb.
     0 | D:1      | Reached XP level 1. HP: 13/13 MP: 4/4
    32 | D:1      | Reached skill level 1 in Conjurations
   215 | D:1      | Reached XP level 2. HP: 19/19 MP: 4/6
  1204 | D:2      | Reached XP level 3. HP: 24/24 MP: 5/7
  1209 | D:2      | Learned a level 3 spell: Conjure Flame
  1213 | D:2      | Learned a level 3 spell: Mephitic Cloud
  1633 | D:2      | Reached XP level 4. HP: 26/30 MP: 1/8
  2798 | D:3      | Reached XP level 5. HP: 24/35 MP: 7/9
  3120 | D:3      | Reached XP level 6. HP: 40/41 MP: 7/10
  3156 | D:3      | Reached skill level 1 in Fire Magic
  3197 | D:3      | Found a white marble altar of Elyvilon.
  3344 | D:4      | Noticed Blork the orc
  3655 | D:4      | Reached skill level 1 in Air Magic
  3679 | D:4      | Found an ancient bone altar of Kikubaaqudgha.
  3684 | D:4      | Became a worshipper of Kikubaaqudgha
  3686 | D:4      | HP: 2/41 [vampire bat (2)]
  3720 | D:4      | Reached skill level 5 in Conjurations
  3762 | D:4      | Found a glowing silver altar of Zin.
  3762 | D:4      | Found a shimmering altar of Xom.
  3762 | D:4      | Noticed an angel
  3802 | D:4      | Found a glowing drain.
  3806 | D:4      | Reached XP level 7. HP: 46/46 MP: 6/11
  3860 | Sewer    | Entered a sewer
  4059 | Sewer    | Reached * piety under Kikubaaqudgha
  4059 | Sewer    | Identified Kikubaaqudgha's Incunabulum of Black Secrets
                  | (Kikubaaqudgha gifted it to you in a sewer)
  4059 | Sewer    | Received a gift from Kikubaaqudgha
  4059 | Sewer    | Reached skill level 1 in Fighting
  4178 | Sewer    | Reached skill level 1 in Maces & Flails
  4178 | Sewer    | Reached skill level 1 in Armour
  4266 | Sewer    | Reached XP level 8. HP: 40/55 MP: 5/12
  4410 | Sewer    | Reached skill level 2 in Fighting
  4942 | D:4      | Found an opulent altar of Gozag.
  4946 | D:4      | Found a burning altar of Makhleb.
  4948 | D:4      | Found a hazy altar of Hepliaklqana.
  4949 | D:4      | Found a sacrificial altar of Ru.
  5068 | D:4      | Found a basalt altar of Yredelemnul.
  5227 | D:3      | Killed Blork the orc
  5272 | D:5      | Entered Level 5 of the Dungeon
  5333 | D:5      | Reached skill level 1 in Shields
  5384 | D:5      | Reached skill level 3 in Fighting
  5712 | D:5      | Found a staircase to the Ecumenical Temple.
  5717 | Temple   | Entered the Ecumenical Temple
  5859 | D:5      | Found a blossoming altar of Fedhas.
  5860 | D:5      | Found a snail-covered altar of Cheibriados.
  5990 | D:6      | Reached XP level 9. HP: 33/63 MP: 10/13
  6017 | D:6      | Reached ** piety under Kikubaaqudgha
  6265 | D:6      | Found a bloodstained altar of Trog.
  6916 | D:7      | Reached skill level 4 in Fighting
  6916 | D:7      | Reached skill level 1 in Polearms
  7292 | D:7      | Reached skill level 5 in Fire Magic
  7292 | D:7      | Reached XP level 10. HP: 72/73 MP: 1/14
  7712 | D:7      | Reached skill level 5 in Fighting
  7783 | D:8      | Reached *** piety under Kikubaaqudgha
  7783 | D:8      | Identified Kikubaaqudgha's Grimoire of Evil Secrets
                  | (Kikubaaqudgha gifted it to you on level 8 of the Dungeon)
  7783 | D:8      | Received a gift from Kikubaaqudgha
  7783 | D:8      | Reached skill level 5 in Armour
  7842 | D:8      | Learned a level 4 spell: Dispel Undead
  7895 | D:8      | Found a glowing golden altar of the Shining One.
  7943 | D:8      | Found a sand-covered staircase.
  7968 | Ossuary  | Entered an ossuary
  7982 | Ossuary  | Reached skill level 1 in Necromancy
  7990 | Ossuary  | Reached skill level 5 in Dodging
  8397 | Ossuary  | Reached **** piety under Kikubaaqudgha
  8723 | D:8      | Reached skill level 5 in Air Magic
  8820 | D:8      | Got a dull robe
  8876 | D:8      | Identified the +3 robe of a ziggurat {+Blink rElec rF-
                  | Dex-2} (You found it on level 8 of the Dungeon)
  8895 | D:8      | Found a staircase to the Lair.
  8906 | D:8      | Reached skill level 6 in Fighting
  8965 | D:8      | Found an ancient bone altar of Kikubaaqudgha.
  9360 | D:9      | Found a staircase to the Orcish Mines.
  9753 | D:9      | Noticed a red ugly thing
  9771 | D:8      | Learned a level 2 spell: Sublimation of Blood
  9866 | D:9      | Reached XP level 11. HP: 75/83 MP: 6/15
  9906 | D:9      | Noticed a glowing orange brain
  9906 | D:9      | a redback changed into a glowing orange brain
 10592 | D:9      | Noticed a four-headed hydra
 10628 | D:9      | Killed a four-headed hydra
 10628 | D:9      | Reached skill level 7 in Fighting
 10913 | D:9      | Noticed a tengu warrior
 10959 | D:9      | Killed a tengu warrior
 10982 | D:9      | Noticed an acid blob
 11089 | Orc:1    | Entered Level 1 of the Orcish Mines
 11717 | Orc:2    | Entered Level 2 of the Orcish Mines
 11852 | Orc:2    | Found a roughly hewn altar of Beogh.
 11862 | Orc:2    | Reached skill level 5 in Necromancy
 11867 | Orc:2    | Learned a level 3 spell: Vampiric Draining
 11924 | Orc:2    | Found a staircase to the Elven Halls.
 12017 | Orc:2    | Found a roughly hewn altar of Beogh.
 12205 | Orc:2    | Found a roughly hewn altar of Beogh.
 12281 | Orc:2    | Found Tinos's Jewellery Boutique.
 12403 | Orc:2    | Found a roughly hewn altar of Beogh.
 12416 | Orc:2    | Found Dilaf's Food Shoppe.
 12448 | Orc:2    | Found a roughly hewn altar of Beogh.
 12593 | Orc:2    | Reached skill level 8 in Fighting
 12599 | Orc:2    | Reached ***** piety under Kikubaaqudgha
 12660 | Orc:2    | Found a roughly hewn altar of Beogh.
 12674 | Orc:2    | Found Bennor's General Store.
 12747 | Orc:2    | Found a roughly hewn altar of Beogh.
 12899 | Orc:2    | Noticed an orc knight
 12899 | Orc:2    | Noticed an orc warlord
 13068 | Orc:1    | Killed an orc knight
 13254 | D:10     | Entered Level 10 of the Dungeon
 13270 | D:10     | Noticed a two-headed ogre
 13282 | D:10     | Killed a two-headed ogre
 13282 | D:10     | Reached XP level 12. HP: 74/94 MP: 3/16
 13629 | D:10     | Reached skill level 5 in Shields
 14414 | D:11     | Noticed a two-headed ogre
 14444 | D:11     | Killed a two-headed ogre
 14612 | D:11     | Found Zudghitoc's Island Escapes.
 15075 | D:11     | Reached skill level 9 in Fighting
 15100 | D:11     | Noticed Sonja
 15112 | D:11     | Cast into level 2 of the Abyss (Sonja)
 15113 | Abyss:2  | Found a corrupted altar of Lugonu.
 15225 | Abyss:2  | Noticed a rakshasa
 15252 | Abyss:2  | Noticed a wretched star
 15257 | Abyss:2  | Noticed an eidolon
 15259 | Abyss:2  | Noticed a green death
 15290 | Abyss:2  | Noticed a thrashing horror
 15291 | Abyss:2  | Noticed a deep elf knight
 15293 | Abyss:2  | Got an ebony rapier
 15297 | Abyss:2  | Killed from afar by an eidolon

Illustrated notes

Levels and vault maps discovered:
D:1:      scummos_arrival_simple_crosswalls, layout_loops_ring, serial_forest,
          infiniplex_forest_lined_2, infiniplex_forest_clump_long,
          infiniplex_forest_zigzag_1, infiniplex_forest_clump_small,
          infiniplex_forest_clump_C, st_stairs_4,
          hangedman_abyss_or_decor_lesser_grid, minmay_indecisive_spiral
D:2:      layout_basic, first_ration
D:3:      layout_loops_ring, old_standard_altar
D:4:      layout_rooms, grunt_temple_overflow_order_and_chaos_1,
          kennysheep_vampire_church, minitemple, kennysheep_little_box,
          cheibrodos_sewer_entry_drain, uniq_blork_the_orc
D:5:      kennysheep_spiral_hall, layout_rooms,
          gammafunk_temple_overflow_statue, minmay_temple_entry_butterflies,
          lemuel_flamethrower_2
D:6:      layout_rooms, bloody_trog
D:7:      layout_rooms
D:8:      layout_basic, nicolae_tso_besieged_by_evil,
          grunt_lair_entry_orc_guard_hut, basic_altar,
          gup_ossuary_entry_pyramid, grunt_pizzeria
D:9:      layout_rooms, orc_0_dummy, minivault_28
D:10:     layout_basic, chequers_avenue, grunt_decor_fettered
D:11:     layout_roguey, nicolae_island_escapes, uniq_sonja
Temple:   compressed_dpeg_triangle_lava_temple
Orc:1:    layout_caves
Orc:2:    grunt_orc_community_town_hall, layout_diamond_mine,
          grunt_orc_community_big_house_2, grunt_orc_community_big_house_2,
          grunt_orc_community_house_1, grunt_orc_community_house_1,
          grunt_orc_community_house_1, grunt_orc_community_house_3,
          grunt_orc_community_house_3, serial_shops, nicolae_shop_stone,
          basic_altar
Abyss:2:  base:
D:15

Skill      XL: |  1  2  3  4  5  6  7  8  9 10 11 12 |
---------------+-------------------------------------+-----
Conjurations   | 1 2 3 4 5 6 |  6.0
Fire Magic     | 2 3 5 |  5.0
Air Magic      | 1 2 3 4 5 |  5.0
Fighting       | 1 3 4 6 8 9 |  9.0
Dodging        | 2 3 4 5 7 |  7.8
Maces & Flails | 1 |  1.0
Armour         | 1 3 4 6 8 |  8.9
Shields        | 1 3 4 5 |  5.9
Polearms       | 1 |  1.0
Necromancy     | 3 5 6 |  6.4
Stealth        | |  2.4
Spellcasting   | |  3.2
Summonings     | |  1.0
Translocations | |  0.8

Action                   |  1- 3 |  4- 6 |  7- 9 | 10-12 || total
-------------------------+-------+-------+-------+-------++-------
Melee: Short sword       |    19 |   107 |       |     9 ||   135
       Whip              |       |   122 |   181 |   571 ||   874
       Halberd           |       |       |    18 |       ||    18
       Trident           |       |       |    44 |   296 ||   340
 Fire: Hunting sling     |       |       |    11 |    40 ||    51
Throw: Stone             |     2 |       |       |       ||     2
       Dart              |       |       |    19 |     5 ||    24
       Boomerang         |       |       |       |     5 ||     5
 Cast: Magic Dart        |    71 |    85 |    79 |    57 ||   292
       Conjure Flame     |     1 |       |    16 |    75 ||    92
       Mephitic Cloud    |       |     7 |    29 |    76 ||   112
       Sublimation of Bl |       |       |       |     6 ||     6
       Dispel Undead     |       |       |       |     3 ||     3
       Vampiric Draining |       |       |       |     9 ||     9
 Abil: Dig               |     6 |    14 |    16 |    30 ||    66
Evoke: Wand              |       |       |       |     5 ||     5
  Use: Potion            |       |     6 |     3 |     2 ||    11
       Scroll            |       |       |       |    10 ||    10
 Stab: Sleeping          |       |     2 |     1 |     1 ||     4
       Confused          |       |     1 |     5 |    28 ||    34
       Distracted        |       |       |     1 |       ||     1
       Paralysed         |       |       |       |    24 ||    24
  Eat: Chunk             |     2 |    11 |    13 |    34 ||    60
       Ration            |       |       |     1 |     3 ||     4
Armor: Robe              |     1 |    20 |    14 |    37 ||    72
       Skin              |       |   258 |     2 |       ||   260
       Acid dragon scale |       |       |       |    82 ||    82
Dodge: Dodged            |    22 |    98 |    83 |   462 ||   665
       Repelled          |       |       |       |    10 ||    10
Block: Buckler           |       |       |    23 |   196 ||   219
